 Dungeon Crawl Stone Soup version 0.29.0-13-gc9e81de378 (webtiles) character file.

Game seed: 16353131477422167540

27 xian the Firebug (level 2, -1/19 HPs)
             Began as a Demonspawn Fire Elementalist on Sept 10, 2022.
             Slain by a worm (9 damage)
             ... on level 2 of the Dungeon.
             The game lasted 00:02:30 (1362 turns).

xian the Firebug (Demonspawn Fire Elementalist)     Turns: 1362, Time: 00:02:31

Health: -1/19      AC:  2    Str:  8    XL:     2   Next: 93%
Magic:  3/5        EV: 12    Int: 16    God:
Gold:   19         SH:  0    Dex: 13    Spells: 4/5 levels left

rFire   + . .      SeeInvis .   c - +1 short sword (venom)
rCold   . . .      Faith    .   (no shield)
rNeg    . . .      Spirit   .   a - +0 robe
rPois   .          Reflect  .   (no helmet)
rElec   .          Harm     .   (no cloak)
rCorr   .          Rampage  .   (no gloves)
Will    .....                   (no boots)
Stlth   ++........              (no amulet)
HPRegen 0.06/turn               i - ring of protection from fire
MPRegen 0.18/turn               (no ring)

@: no status effects
A: magic regeneration
a: no special abilities


You were on level 2 of the Dungeon.
You visited 1 branch of the dungeon, and saw 2 of its levels.

You collected 19 gold pieces.

Inventory:

Hand Weapons
 c - a +1 short sword of venom (weapon)
Missiles
 j - 4 poisoned darts
Armour
 a - a +0 robe (worn)
Jewellery
 i - a ring of protection from fire (left hand)
Scrolls
 d - a scroll of blinking {unknown}
 e - a scroll of teleportation {unknown}
 f - a scroll of amnesia {unknown}
Potions
 b - a potion of magic
 g - a potion of curing {unknown}
 h - a potion of might {unknown}
 k - a potion of invisibility {unknown}


   Skills:
 + Level 0.2 Fighting
 + Level 2.1 Dodging
 + Level 1.9 Stealth
 + Level 2.2 Spellcasting
 + Level 1.5 Conjurations
 + Level 3.0 Fire Magic


You had 4 spell levels left.
You knew the following spells:

 Your Spells              Type           Power      Damage    Failure   Level
a - Foxfire               Conj/Fire      36%        2x1d5     8%          1

Your spell library contained the following spells:

 Spells                   Type           Power      Damage    Failure   Level
 Scorch                   Fire           22%        2d6       9%          2
 Summon Small Mammal      Summ           4%         N/A       21%         1
 Conjure Flame            Conj/Fire      9%         6-21      24%         3
 Inner Flame              Hex/Fire       6%         N/A       32%         3
 Stone Arrow              Conj/Erth      8%         3d7       41%         3
 Flame Wave               Conj/Fire      9%         2d6       61%         4
 Animate Armour           Summ/Erth      2%         N/A       90%         4
 Lehudib's Crystal Spear  Conj/Erth      2%         10d2      100%        8


Dungeon Overview and Level Annotations

Branches:
Dungeon (2/15)

Altars:


Innate Abilities, Weirdness & Mutations

You regenerate magic rapidly.


Message History

A worm is nearby!
A worm is nearby!
A rat, a quokka and a ball python come into view.
Found 5 gold pieces.
Found a stone staircase leading up.
You miscast Foxfire.
You are very lightly contaminated with residual magic.
Nothing appears to happen.
You conjure some foxfire!
You conjure some foxfire!
The ball python hisses angrily.
You conjure some foxfire!
The foxfire hits the rat.
The rat is severely wounded.
The foxfire hits the rat.
You kill the rat!
The foxfire hits the quokka.
The quokka is severely wounded.
You miscast Foxfire.
Nothing appears to happen.
The foxfire hits the quokka.
You kill the quokka!
You are out of magic!
You are out of magic!
The foxfire hits the ball python.
You kill the ball python!
Found an escape hatch in the floor.
You see here 5 gold pieces.
You now have 19 gold pieces (gained 5).
Found an escape hatch in the ceiling.
The helpless worm fails to defend itself.
You hit the worm.
The worm is poisoned.
The worm is moderately wounded.
The worm bites you.
Your magical contamination has completely faded away.
You completely miss the worm.
The worm is moderately wounded.
The worm bites you.
You hit the worm but do no damage.
The worm looks as sick as possible!
The worm is heavily wounded.
You hit the worm.
The worm looks as sick as possible!
The worm is heavily wounded.
The worm bites you!
You die...

...#.# #.#.# # ..#.# #.#.#
#.#.#.###########.#.#
#####.#.#.#.............##
....§....................>
#...§§#.#...####.....#.###
#<..# #.#######...####.# #
#######.#.w.....#.# #.# #
####....#@#.#.###.####.###
..>.......# #. #.#....#..
.###.#####..# #.#.####.#
#. ....# #.#.####.# .
.#### #.#....#.. . .#
..####.#.. #. .# #..#.#..
<# #....### ##.#....


You could see a worm (extremely poisoned).

Vanquished Creatures
  4 ball pythons
  A bat (D:1)
  2 endoplasms (D:1)
  2 goblins
  A hobgoblin (D:1)
  4 kobolds (D:1)
  4 quokkas
  3 frilled lizards (D:1)
  3 rats
24 creatures vanquished.

Vanquished Creatures (collateral kills)
  7 foxfires (D:1)
7 creatures vanquished.

Vanquished Creatures (others)
  89 foxfires
  A plant (D:1)
90 creatures vanquished.

Grand Total: 121 creatures vanquished

Notes
Turn   | Place    | Note
-------+----------+-------------------------------------------
     0 | D:1      | xian the Demonspawn Fire Elementalist began the quest for
                  | the Orb.
     0 | D:1      | Reached XP level 1. HP: 13/13 MP: 3/3
   410 | D:1      | Reached skill level 3 in Fire Magic
   410 | D:1      | Gained mutation: You regenerate magic rapidly. [demonic
                  | ancestry]
   410 | D:1      | Reached XP level 2. HP: 19/19 MP: 0/5
   680 | D:1      | Found a faded altar of an unknown god.
   699 | D:1      | Got Plato's Grimoire of the Entourage
  1362 | D:2      | Slain by a worm

Illustrated notes

Levels and vault maps discovered:
D:1:      nzn_arrival_crosshair, layout_rooms,
          shapermc_ecumenical_altar_rom_forum, serial_forest,
          infiniplex_forest_lined_corner, infiniplex_forest_clump_cross,
          infiniplex_forest_clump_long, infiniplex_forest_clump_large,
          infiniplex_forest_corner_2, infiniplex_forest_lined_ring,
          infiniplex_forest_lined_2, infiniplex_forest_clump_long
D:2:      layout_basic

Skill      XL: |  1 |
---------------+----+-----
Dodging        | 2 |  2.1
Fire Magic     | 3 |  3.0
Fighting       | |  0.2
Stealth        | |  1.9
Spellcasting   | |  2.2
Conjurations   | |  1.5

Action                   || total
-------------------------++-------
Melee: Short sword       ||    24
       Unarmed           ||     1
 Cast: Foxfire           ||    62
 Stab: Sleeping          ||     1
Armor: Robe              ||     4
Dodge: Dodged            ||    16
